 Dungeon Crawl Stone Soup version 0.30.1-9-gdf580d7c3d (webtiles) character file.

Game seed: 18422342963446608270

898 bearlyready the Tainter (level 8, -3/74 HPs)
             Began as a Naga Venom Mage on Oct 23, 2023.
             Slain by an iguana (6 damage)
             ... on level 6 of the Dungeon on Oct 25, 2023.
             The game lasted 00:15:31 (5273 turns).

bearlyready the Tainter (Naga Venom Mage)           Turns: 5273, Time: 00:15:32

Health: -3/74      AC:  5    Str:  9    XL:     8   Next: 7%
Magic:  11/11      EV:  8    Int: 18    God:
Gold:   294        SH:  0    Dex: 18    Spells: 6/11 levels left

rFire   + . .        t - +4 dagger "Ozuimaga" {drain, rCorr Str-2 Dex+7 SInv}
rCold   . . .        (no shield)
rNeg    . . .        e - +0 ring mail
rPois   +            (no helmet)
rElec   .            (no cloak)
rCorr   +            (no gloves)
SInv    +            (no barding)
Will    +....        (no amulet)
Stlth   ++           v - ring of protection from fire
HPRegen 0.32/turn    (no ring)
MPRegen 0.12/turn

%: no passive effects
@: very slow
A: AC +2, large, see invisible, deformed body, poison resistance, slowness 2,
spit poison 1, naga tail 1
a: Spit Poison


You were on level 6 of the Dungeon.
You visited 1 branch of the dungeon, and saw 6 of its levels.

You collected 294 gold pieces.

Inventory:

Hand Weapons
 j - a +0 spear
 q - a +0 flail
 r - a +0 mace
 t - the +4 dagger "Ozuimaga" (weapon) {drain, rCorr Str-2 Dex+7 SInv}
   (You found it on level 4 of the Dungeon)

   Str:       It affects your strength (-2).
   Dex:       It affects your dexterity (+7).
   SInv:      It lets you see invisible.
   rCorr:     It protects you from acid and corrosion.
Missiles
 A - 3 poisoned darts
Armour
 a - a +0 robe
 e - a +0 ring mail (worn)
 p - a +1 scale mail of poison resistance
Jewellery
 v - a ring of protection from fire (left hand)
Wands
 s - a wand of light (8)
Scrolls
 d - 3 scrolls of identify
 m - a scroll of enchant weapon {unknown}
 u - a scroll of noise
 w - a scroll of magic mapping {unknown}
 y - 4 scrolls of vulnerability
 z - a scroll of immolation {unknown}
Potions
 b - a potion of magic
 c - 5 potions of heal wounds {unknown}
 f - 2 potions of lignification {unknown}
 h - 2 potions of haste {unknown}
 i - 2 potions of curing
 k - a potion of flight {unknown}
 n - a potion of invisibility {unknown}
 o - a potion of mutation {unknown}
 x - a potion of degeneration {unknown}


   Skills:
 + Level 5.2 Fighting
 - Level 1.5 Dodging
 - Level 3.0 Stealth
 - Level 2.0 Spellcasting
 - Level 1.0 Transmutations
 - Level 10.0 Poison Magic


You had 6 spell levels left.
You knew the following spells:

 Your Spells              Type           Power      Damage    Failure   Level
a - Sting                 Tmut/Pois      84%        1d7       5%          1
b - Olgreb's Toxic Radia  Pois           38%        N/A       9%          4

Your spell library contained the following spells:

 Spells                   Type           Power      Damage    Failure   Level
 Poisonous Vapours        Pois/Air       38%        N/A       10%         2
 Mephitic Cloud           Conj/Pois/Air  13%        N/A       36%         3
 Blink                    Tloc           2%         N/A       58%         2
 Volatile Blastmotes      Fire/Tloc      2%         2d10      83%         3
 Fulminant Prism          Conj/Hex       0%         3d5       99%         4
 Iskenderun's Mystic Bla  Conj/Tloc      1%         2d3       99%         4
 Manifold Assault         Tloc           1%         N/A       99%         4
 Lee's Rapid Deconstruct  Erth           0%         3d4*      100%        5
 Storm Form               Tmut/Air       1%         N/A       100%        7


Dungeon Overview and Level Annotations

Branches:
Dungeon (6/15)             Temple (0/1) D:5

Altars:
Dithmenos
Ru

Annotations:
D:6 Maggie, Pikel


Innate Abilities, Weirdness & Mutations

Your serpentine skin is tough. (AC +2)
You have supernaturally acute eyesight. (SInv)
Armour fits poorly on your strangely shaped body.
Your system is resistant to poisons. (rPois)
You cover ground very slowly.
You can spit poison.
You have a snake-like lower body.


Message History

You hear a loud clanging noise!
It was a scroll of noise.
You hear a shout!
The iguana closely misses you. 2 lemures come into view.
A lemure comes into view.
The iguana barely misses you.
Casting: Sting (safe; 5% risk of failure)
Confirm with . or Enter, or press ? or * to list all spells.
You don't know that spell.
Okay, then.
You hear the hiss of flowing sand.
There is an entrance to an ossuary on this level.
Hurry and find it before the portal is buried!
Level annotation: Maggie, Pikel Welcome back, bearlyready the Naga Venom Mage.
Press ? for a list of commands and other information.
Unknown command.
Unknown command.
Unknown command.
Aiming: Sting (safe; 5% risk of failure)
Press: ? - help, Q - select action, (/) - cycle Shift-Dir - straight line
Okay, then.
Unknown command.
Unknown command.
Unknown command.
You hear the hiss of flowing sand.
There is an entrance to an ossuary on this level.
Hurry and find it before the portal is buried!
Level annotation: Maggie, Pikel Welcome back, bearlyready the Naga Venom Mage.
Press ? for a list of commands and other information.
You closely miss the lemure.
Maggie says, "Did Master Lance send you?"
Maggie zaps a wand.
You easily resist.
The lemure hits you!
* * * LOW HITPOINT WARNING * * *
The iguana bites you.
* * * LOW HITPOINT WARNING * * *
As you read the scroll labelled YZAEWE BIOJED, it crumbles to dust.
The scroll dissolves into smoke.
It was a scroll of fog.
The lemure hits you.
* * * LOW HITPOINT WARNING * * *
The iguana bites you.
You die...

..#.._[.')#..~~~≈~.
#.#...[$#@......... ...#
..#$.$..#.#######.. #.#.#
..#######.#.....#.. ....#
..........#.....#.. ....#
.###.....o@.....#.)##....
#..#####.§§§§#....@. ##.
###.§§§§##.#.##.# #.
#...§l@###..<...# ..
#.####5# ###.#### #. #5#
#Y# . .K. ..# . .5## ..#
.. ..5. #..# ...# ...#
##..# #.##


You could see 2 lemures and an iguana.

Vanquished Creatures
  Edmund (D:4)
  A water moccasin (D:5)
  2 ice beasts
  A phantom (D:5)
  A scorpion (D:4)
  A hound (D:5)
  A jelly (D:4)
  2 orc priests (D:5)
  A sleepcap (D:5)
  Jessica (D:1)
  2 orc wizards (D:4)
  Terence (D:3)
  2 adders
  3 worms (D:2)
  2 dart slugs (D:1)
  12 orcs
  3 endoplasms
  9 giant cockroaches
  7 goblins
  8 hobgoblins
  3 jackals (D:4)
  5 quokkas
  5 ball pythons
  3 bats
  7 frilled lizards
  7 kobolds
  6 rats
97 creatures vanquished.

Notes
Turn   | Place    | Note
-------+----------+-------------------------------------------
     0 | D:1      | bearlyready the Naga Venom Mage began the quest for the
                  | Orb.
     0 | D:1      | Reached XP level 1. HP: 15/15 MP: 3/3
   167 | D:1      | Reached XP level 2. HP: 20/22 MP: 0/5
   262 | D:1      | Reached skill level 5 in Poison Magic
   713 | D:1      | Reached XP level 3. HP: 25/28 MP: 0/6
   863 | D:2      | Noticed Jessica
  1015 | D:1      | Killed Jessica
  1016 | D:1      | Reached skill level 6 in Poison Magic
  1121 | D:2      | Reached XP level 4. HP: 34/36 MP: 3/7
  1781 | D:3      | Noticed Terence
  1909 | D:3      | Reached skill level 7 in Poison Magic
  2002 | D:3      | Learned a level 4 spell: Olgreb's Toxic Radiance
  2219 | D:3      | Reached XP level 5. HP: 25/42 MP: 1/8
  2319 | D:3      | Killed Terence
  2852 | D:4      | Reached skill level 8 in Poison Magic
  3081 | D:4      | Reached skill level 1 in Fighting
  3081 | D:4      | Reached XP level 6. HP: 26/52 MP: 3/9
  3258 | D:4      | Noticed Edmund
  3274 | D:4      | Killed Edmund
  3281 | D:4      | Identified the +4 dagger "Ozuimaga" {drain, rCorr Str-2
                  | Dex+7 SInv}
  3400 | D:4      | Found a shadowy altar of Dithmenos.
  3433 | D:4      | Reached skill level 9 in Poison Magic
  3747 | D:5      | Entered Level 5 of the Dungeon
  4087 | D:5      | Reached XP level 7. HP: 28/62 MP: 10/10
  4672 | D:5      | Found a staircase to the Ecumenical Temple.
  4747 | D:5      | Reached skill level 10 in Poison Magic
  4976 | D:6      | Noticed Maggie
  5235 | D:6      | Found a sacrificial altar of Ru.
  5267 | D:6      | Reached skill level 5 in Fighting
  5267 | D:6      | Reached XP level 8. HP: 20/74 MP: 11/11
  5269 | D:6      | Noticed Pikel
  5273 | D:6      | HP: 3/74 [lemure[Pikel] (5)]
  5273 | D:6      | Slain by an iguana

Illustrated notes

Levels and vault maps discovered:
D:1:      sevenhm_arrival_forest_fort_small_3, layout_basic
D:2:      layout_rooms, uniq_jessica
D:3:      layout_basic, uniq_terence
D:4:      layout_basic, lemuel_tele_altar, grunt_ministairs_13, uniq_edmund
D:5:      layout_cave_pods, temple_fountains
D:6:      layout_loops_cross, amcnicky_altar_gilded, enter_ossuary_3,
          minivault_14, uniq_blork_the_orc, uniq_pikel, uniq_maggie

Skill      XL: |  1  2  3  4  5  6  7 |
---------------+----------------------+-----
Poison Magic   | 5 6 7 8 9 10 | 10.0
Fighting       | 1 3 5 |  5.2
Dodging        | |  1.5
Stealth        | |  3.0
Spellcasting   | |  2.0
Transmutations | |  1.0

Action                     |  1- 3 |  4- 6 |  7- 9 || total
---------------------------+-------+-------+-------++-------
  Melee: Unarmed           |    65 |     7 |       ||    72
         Punch             |     2 |     1 |     2 ||     5
         Spear             |       |   212 |       ||   212
         Dagger            |       |     2 |    44 ||    46
   Cast: Sting             |    31 |    45 |    12 ||    88
         Olgreb's Toxic Ra |       |     1 |     2 ||     3
Ability: Spit Poison       |     8 |    14 |     7 ||    29
  Evoke: Wand              |       |       |     3 ||     3
    Use: Scroll            |       |     2 |     4 ||     6
         Potion            |       |       |     2 ||     2
   Stab: Sleeping          |       |     1 |       ||     1
         Distracted        |       |     1 |       ||     1
 Armour: Robe              |     6 |       |       ||     6
         Ring mail         |    15 |    25 |     9 ||    49
         Scale mail        |       |    86 |    26 ||   112
  Dodge: Dodged            |    46 |    94 |    33 ||   173
